AoeStats
← inman.chris406

Arabia

513708329Analyzed
1v1 RM · 1d ago on Oct 14, 2026· 48m 41s· 2 players
Game mode
Random Map
Map size
Tiny (2 player)
Population
200
Speed
Normal
Resources
Standard
Victory
Conquest
Starting age
Dark Age
Ending age
Imperial Age
RankedLock teamsTeams togetherTeam positionsShared explorationLock speedFull tech treeHidden civsTurbo modeCheats
Victory
Defeat
🇦🇷 Spanish · Argentina
816
+19
vs
🇺🇸 Franks · United States
877
-19
inman.chris406
6:20 Loom
9:45 Feudal Age
11:45 Double-Bit Axe
22:32 Castle Age
21:36 Scale Barding Armor
21:43 Forging
26:43 Wheelbarrow
25:53 Town Watch
28:02 Fletching
30:00 Hand Cart
30:15 Hand Cart
30:01 Town Patrol
31:01 Bow Saw
31:49 Chain Barding Armor
32:57 Iron Casting
32:38 Elite Skirmisher
34:01 Bodkin Arrow
42:47 Padded Archer Armor
47:30 Imperial Age
47:42 Cavalier
48:23 Husbandry
lautaa1
7:13 Loom
10:03 Feudal Age
10:48 Double-Bit Axe
20:26 Horse Collar
25:41 Castle Age
24:23 Stone Mining
24:25 Gold Mining
27:35 Padded Archer Armor
27:53 Bloodlines
27:44 Husbandry
30:12 Heavy Plow
30:27 Bow Saw
32:59 Leather Archer Armor
34:50 Wheelbarrow
34:01 Town Watch
39:28 Imperial Age
40:20 Hand Cart
40:06 Town Patrol
43:50 Chemistry
43:15 Light Cavalry
44:02 Scale Barding Armor
44:29 Ring Archer Armor
45:09 Elite Conquistador
45:15 Hussar
Connection lost

Rejoining the realm…

Still unreachable

The connection could not be restored.

Session expired

The server has moved on; the page needs a fresh start.